AoeStats
← 布丁

Arena

508780037Analyzed
4v4 RM · 8d ago on Sep 24, 2026· 43m 3s· 8 players
Game mode
Random Map
Map size
Large (8 player)
Population
200
Speed
Normal
Resources
Standard
Victory
Conquest
Starting age
Dark Age
Ending age
Imperial Age
RankedLock teamsTeams togetherTeam positionsShared explorationLock speedFull tech treeHidden civsTurbo modeCheats
Victory
Defeat
🇦🇷 Varangians · Argentina
896
+15
🇦🇷 Vietnamese · Argentina
891
+15
🇦🇷 Danes · Argentina
880
+16
🇨🇱 Poles · Chile
871
+16
🇨🇳 Burgundians · China
947
-19
🇺🇸 Teutons · United States
859
-15
🇺🇸 Persians · United States
848
-14
🇹🇼 Goths · Taiwan
847
-14
marcos_trujillo
12:00 Feudal Age
15:59 Castle Age
13:49 Horse Collar
13:57 Double-Bit Axe
16:11 Gold Mining
22:17 Scale Barding Armor
23:09 Scale Mail Armor
23:24 Bloodlines
28:42 Imperial Age
26:11 Pikeman
26:54 Squires
27:44 Wheelbarrow
27:14 Heavy Plow
27:41 Chain Barding Armor
27:52 Bow Saw
28:21 Caravan
29:32 Hand Cart
31:24 Chemistry
31:11 Cavalier
31:55 Husbandry
32:09 Fletching
32:55 Plate Barding Armor
32:49 Bodkin Arrow
33:11 Halberdier
33:38 Elite Jarl
34:51 Ballistics
35:54 Two-Man Saw
35:26 Crop Rotation
35:44 Forging
35:50 Chain Mail Armor
36:51 Conscription
38:37 Iron Casting
39:50 Gothikon
40:34 Bracer
41:35 Blast Furnace
lucas_mondaca
14:30 Feudal Age
20:19 Castle Age
18:42 Double-Bit Axe
18:51 Horse Collar
21:48 Wheelbarrow
27:56 Heavy Plow
28:27 Man-at-Arms
28:52 Gambesons
29:54 Forging
29:44 Scale Mail Armor
29:58 Gold Mining
30:20 Stone Mining
29:54 Pikeman
29:58 Long Swordsman
32:08 Gold Shaft Mining
32:13 Chain Mail Armor
32:33 Iron Casting
32:10 Hamask
34:27 Stone Shaft Mining
34:16 Bow Saw
34:28 Hand Cart
41:28 Imperial Age
41:49 Arson
42:12 Elite Varangian Guard
43:26 Plate Mail Armor
43:57 Blast Furnace
WARSITO.
12:15 Feudal Age
12:41 Double-Bit Axe
12:48 Horse Collar
14:23 Stone Mining
19:17 Castle Age
17:57 Fletching
19:47 Forging
20:18 Bow Saw
22:11 Elite Skirmisher
27:59 Pikeman
31:44 Bodkin Arrow
32:28 Wheelbarrow
37:12 Imperial Age
37:08 Iron Casting
39:04 Two-Man Saw
38:40 Halberdier
39:27 Scale Mail Armor
40:29 Chain Mail Armor
39:40 Imperial Skirmisher
41:25 Squires
41:59 Plate Mail Armor
42:17 Hand Cart
42:06 Caravan
43:44 Chemistry
43:05 Ballistics
gitPushOriginMaster
11:12 Feudal Age
11:17 Loom
15:15 Castle Age
15:06 Double-Bit Axe
15:04 Horse Collar
16:36 Bow Saw
18:15 Wheelbarrow
18:41 Heavy Plow
21:11 Town Watch
22:53 Town Patrol
22:53 Stone Mining
24:44 Pikeman
26:09 Hand Cart
26:07 Fletching
27:06 Bodkin Arrow
27:23 Forging
27:18 Scale Barding Armor
27:52 Gold Mining
28:37 Stone Shaft Mining
28:21 Szlachta Privileges
29:52 Iron Casting
31:53 Imperial Age
29:30 Husbandry
29:40 Bloodlines
29:56 Scale Mail Armor
30:18 Chain Barding Armor
32:07 Ballistics
32:07 Masonry
31:54 Murder Holes
32:09 Cavalier
33:52 Blast Furnace
33:36 Crop Rotation
33:21 Bracer
33:49 Conscription
35:11 Chain Mail Armor
35:23 Conscription
35:36 Elite Obuch
37:37 Plate Mail Armor
xxyvonnederful
12:36 Feudal Age
13:28 Double-Bit Axe
13:26 Horse Collar
16:14 Castle Age
18:50 Wheelbarrow
21:41 Heavy Plow
22:43 Bow Saw
23:19 Scale Barding Armor
23:26 Forging
23:59 Hand Cart
24:11 Gold Mining
24:13 Stone Mining
29:22 Imperial Age
26:39 Loom
26:39 Town Watch
28:04 Bloodlines
28:17 Chain Barding Armor
28:33 Iron Casting
30:40 Plate Barding Armor
29:28 Cavalier
31:46 Conscription
32:18 Paladin
35:50 Stone Shaft Mining
36:59 Capped Ram
41:03 Hoardings
40:24 Guard Tower
40:44 Fortified Wall
40:46 Masonry
kz
10:15 Feudal Age
11:02 Double-Bit Axe
11:04 Horse Collar
18:16 Castle Age
18:12 Stone Mining
24:18 Husbandry
24:28 Bloodlines
32:13 Heavy Plow
32:47 Bow Saw
33:28 Stone Shaft Mining
33:10 Gold Mining
33:51 Forging
33:46 Scale Barding Armor
33:42 Scale Mail Armor
33:46 Caravan
35:18 Wheelbarrow
34:28 Town Watch
40:42 Imperial Age
38:30 Hand Cart
布丁
1:04 Loom
12:48 Feudal Age
14:21 Wheelbarrow
17:26 Castle Age
16:25 Double-Bit Axe
16:25 Horse Collar
18:36 Hand Cart
23:07 Bow Saw
23:53 Gold Mining
24:10 Heavy Plow
32:12 Imperial Age
30:04 Town Watch
30:25 Scale Mail Armor
30:36 Forging
30:51 Pikeman
31:32 Squires
31:55 Stone Mining
32:19 Halberdier
33:53 Conscription
33:46 Elite Skirmisher
34:49 Anarchy
34:55 Perfusion
35:29 Chain Mail Armor
35:48 Elite Huskarl
41:12 Chemistry
kkkg
3:31 Double-Bit Axe
12:49 Feudal Age
14:40 Bow Saw
14:13 Horse Collar
17:01 Castle Age
18:09 Husbandry
17:33 Light Cavalry
23:08 Wheelbarrow
25:28 Hand Cart
25:00 Town Watch
32:05 Burgundian Vineyards
32:35 Atonement
36:09 Imperial Age
33:41 Town Patrol
33:27 Loom
35:07 Two-Man Saw
35:57 Ballistics
35:18 Treadmill Crane
36:03 Ballistics
35:55 Masonry
37:12 Conscription
37:18 Conscription
36:21 Elite Coustillier
38:47 Chemistry
40:17 Forging
40:13 Scale Barding Armor
39:59 Fletching
40:09 Padded Archer Armor
Connection lost

Rejoining the realm…

Still unreachable

The connection could not be restored.

Session expired

The server has moved on; the page needs a fresh start.